 Dungeon Crawl Stone Soup version 0.19.4 (webtiles) character file.

96 Naow the Conjurer (level 4, -3/24 HPs)
             Began as a Deep Elf Conjurer on Jan 30, 2017.
             Slain by a gnoll
             ... wielding a +0 whip
              (8 damage)
             ... on level 2 of the Dungeon.
             The game lasted 00:03:12 (2497 turns).

Naow the Conjurer (Deep Elf Conjurer)               Turns: 2497, Time: 00:03:12

Health: -3/24      AC:  2    Str:  5    XL:     4   Next: 41%
Magic:  3/12       EV: 13    Int: 21    God:
Gold:   116        SH:  0    Dex: 15    Spells: 2 memorised, 8 levels left

rFire  . . .     SeeInvis .     (no weapon)
rCold  . . .     Gourm    .     d - -1 robe (curse)
rNeg   . . .     Faith    .     (no shield)
rPois  .         Spirit   .     e - +0 helmet
rElec  .         Reflect  .     (no cloak)
rCorr  .         Harm     .     (no gloves)
MR     .....                    (no boots)
Stlth  ++........               (no amulet)
                                (no ring)
                                (no ring)

@: no status effects
A: no striking features
a: no special abilities


You were on level 2 of the Dungeon.
You were not hungry.

You visited 1 branch of the dungeon, and saw 2 of its levels.

You collected 116 gold pieces.

Inventory:

Armour
 a - a +0 robe
 d - a cursed -1 robe (worn)
 e - a +0 helmet (worn)
Scrolls
 f - a scroll of recharging {unknown}
 i - a scroll of teleportation {unknown}
 j - 2 scrolls of noise {unknown}
 m - a scroll of magic mapping {unknown}
 n - a scroll of enchant armour {unknown}
 o - a scroll of remove curse {unknown}
Potions
 k - a potion of might {unknown}
 l - a potion of curing {unknown}
Books
 b - a book of Conjurations

   Spells                             Type                      Level
   a - Magic Dart                     Conjuration                  1
   b - Searing Ray                    Conjuration                  2
   c - Dazzling Spray                 Conjuration/Hexes            3
   d - Fulminant Prism                Conjuration/Hexes            4
   e - Iskenderun's Mystic Blast      Conjuration                  4
   f - Iskenderun's Battlesphere      Conjuration/Charms           5
Comestibles
 c - 2 bread rations
 g - 2 beef jerkies
 h - 3 meat rations
 p - a chunk of flesh


   Skills:
 - Level 2.4 Dodging
 - Level 2.4 Stealth
 + Level 4.2 Spellcasting
 * Level 5.9 Conjurations


You had 8 spell levels left.
You knew the following spells:

 Your Spells              Type           Power        Failure   Level  Hunger
a - Magic Dart            Conj           ####         1%          1    None
b - Searing Ray           Conj           ####..       1%          2    #......


Dungeon Overview and Level Annotations

Branches:
Dungeon (2/15)

Altars:


Message History

Confirm with . or Enter, or press ? or * to list all spells.
Aiming: Searing Ray
Press: ? - help, Shift-Dir - straight line, f - gnoll
Aim: a gnoll, wielding a flail The searing ray hits the bat.
You kill the bat! (Press . to maintain the ray.)
The gnoll hits you with a whip.
The searing ray misses the gnoll.
The gnoll hits you with a flail!
Ouch! That really hurt!
* * * LOW HITPOINT WARNING * * *
The gnoll misses you.
A kobold comes into view.
The searing ray hits the gnoll.
The gnoll is severely wounded.
The gnoll barely misses you.
The searing ray hits the gnoll.
You kill the gnoll!
You finish channeling your searing ray.
The gnoll hits you with a whip!
You die...

######## ##
#######......##### .#
#....##......#...####
.###.##.##......#...$...
........##......#g......
................@)......
####...##.......##...K..
.......<#.....[.# .....
##..###.#.#....## ....
#.#..)........# ...
#(#..#........# ##
#.#.#.........#
##.#.##.#.####.#
...#..##..## #.#


You could see a gnoll and a kobold (wandering).

Vanquished Creatures
  Terence (D:2)
  2 gnolls (D:2)
  An ooze (D:1)
  2 dart slugs (D:1)
  A leopard gecko (D:1)
  A giant cockroach (D:1)
  6 goblins
  5 hobgoblins
  5 jackals
  A quokka (D:2)
  A ball python (D:1)
  7 bats
  2 frilled lizards
  5 kobolds
  6 rats
  A plant (D:1)
47 creatures vanquished.

Notes
Turn   | Place    | Note
-------+----------+-------------------------------------------
     0 | D:1      | Naow the Deep Elf Conjurer began the quest for the Orb.
     0 | D:1      | Reached XP level 1. HP: 10/10 MP: 6/6
   306 | D:1      | Reached XP level 2. HP: 15/15 MP: 5/8
   310 | D:1      | Learned a level 2 spell: Searing Ray
   595 | D:1      | Reached skill level 5 in Conjurations
  1154 | D:1      | Reached XP level 3. HP: 19/19 MP: 6/10
  1937 | D:2      | Noticed Terence
  1946 | D:2      | Killed Terence
  2208 | D:2      | Reached XP level 4. HP: 24/24 MP: 7/12
  2497 | D:2      | Slain by a gnoll

Skill      XL: |  1  2  3 |
---------------+----------+-----
Conjurations   | 5 |  5.9
Spellcasting   | 4 |  4.2
Dodging        | |  2.4
Stealth        | |  2.4

Action                   |  1- 3 |  4- 6 || total
-------------------------+-------+-------++-------
Melee: Unarmed           |     4 |       ||     4
 Cast: Magic Dart        |    72 |    22 ||    94
       Searing Ray       |     5 |     1 ||     6
  Eat: Chunk             |     4 |     1 ||     5
Armor: Robe              |     1 |     1 ||     2
Dodge: Dodged            |     9 |     9 ||    18
